 Dungeon Sprint DCSS version 0.31.0-7-gf635a9b802 (webtiles) character file.

Game seed: 5572460443548775945

657 petercordia the Basher (level 7, -3/68 HPs)
             Began as a Barachi Warper on Jan 23, 2024.
             Was a Believer of Ru.
             Slain by an ogre
             ... wielding a +0 giant club
              (8 damage)
             ... in the Dungeon (Sprint V: "Ziggurat Sprint").
             The game lasted 00:02:26 (146 turns).

petercordia the Basher (Barachi Warper)              Turns: 146, Time: 00:02:28

Health: -3/68      AC: 25    Str: 13    XL:     7   Next: 55%
Magic:  10/10      EV:  3    Int: 13    God:    Ru [**....]
Gold:   0          SH:  0    Dex: 13    Spells: 10/10 levels left

rFire   . . .        D - +27 heavy crossbow "Sniper" {heavy, Acc+∞ SInv}
rCold   . . .        (shield currently unavailable)
rNeg    . . .        E - +15 Maxwell's patent armour {-Cast -Tele rElec Will+ rCorr}
rPois   .            (no helmet)
rElec   +            (no cloak)
rCorr   +            (no gloves)
SInv    +            (no boots)
Will    +....        (no amulet) Stlth
                     (no ring)
HPRegen 0.31/turn    (no ring)
MPRegen 0.12/turn

%: no teleportation, no spellcasting
@: slow
A: amphibious, slowness 1, inability to use devices, strong legs 1, +LOS
a: Hop, Renounce Religion


You were in the Dungeon.
You worshipped Ru.
Ru was pleased with you.
You visited 1 branch

Inventory:

Hand Weapons
 a - a +0 mace
 C - the +10 dark maul {heavy}
   (You found it in the Dungeon)
 D - the +27 heavy crossbow "Sniper" (weapon) {heavy, Acc+∞ SInv}
   (You found it in the Dungeon)

   Acc+∞: It never misses its target.
   SInv:      It lets you see invisible.
Missiles
 d - 7 darts of dispersal
Armour
 b - a +0 leather armour
 E - the +15 Maxwell's patent armour (worn) {-Cast -Tele rElec Will+ rCorr}
   (You found it in the Dungeon)

   rElec:     It insulates you from electricity.
   Will+:     It increases your willpower.
   -Cast:     It prevents spellcasting.
   -Tele:     It prevents most forms of teleportation.
   rCorr:     It protects you from acid and corrosion.
 F - a +5 crystal plate armour
 G - +5 fire dragon scales
 H - +5 gold dragon scales
 I - +5 ice dragon scales
 J - +5 shadow dragon scales
 K - +5 storm dragon scales
 L - the +0 leather armour of Caustic Amelioration {Regen+ Str+4 Dex-5}
   (You found it in the Dungeon)

   Str+4:     It affects your strength (+4).
   Dex-5:     It affects your dexterity (-5).
   Regen+:    It increases your rate of health regeneration.
Jewellery
 v - a ring of flight
 w - a +6 ring of dexterity
 x - a +6 ring of dexterity
 y - a +6 ring of intelligence
 z - a +6 ring of intelligence
 A - a +6 ring of strength
 B - a +6 ring of strength
Wands
 s - a wand of mindburst (7)
 t - a wand of iceblast (7)
 u - a wand of acid (7)
Scrolls
 c - 5 scrolls of blinking
 o - 4 scrolls of amnesia
 p - 7 scrolls of fog
 q - 5 scrolls of identify
 r - 2 scrolls of fear
Potions
 e - 10 potions of curing
 f - 10 potions of heal wounds
 g - 6 potions of haste
 h - 7 potions of magic
 i - 3 potions of berserk rage
 j - 2 potions of brilliance
 k - 2 potions of invisibility
 l - 4 potions of resistance
 m - a potion of experience
 n - 5 potions of might


   Skills:
 + Level 11.3 Fighting
 * Level 14.1 Maces & Flails
 - Level 1.0 Throwing
 - Level 1.2 Armour
 - Level 2.1 Dodging
 - Level 2.1 Spellcasting
 - Level 3.2 Translocations


You had 10 spell levels left.
You didn't know any spells.
Your spell library contained the following spells:

 Spells                   Type           Power      Damage    Failure   Level
 Blink                    Tloc           18%        N/A       100%        2
 Lesser Beckoning         Tloc           18%        N/A       100%        2
 Inner Flame              Hex/Fire       1%         N/A       100%        3
 Mephitic Cloud           Conj/Alch/Air  1%         N/A       100%        3
 Passwall                 Erth           1%         N/A       100%        3
 Summon Ice Beast         Ice/Summ       1%         N/A       100%        3
 Teleport Other           Tloc           9%         N/A       100%        3
 Manifold Assault         Tloc           9%         N/A       100%        4
 Petrify                  Alch/Erth      1%         N/A       100%        4
 Vhi's Electric Charge    Tloc/Air       10%        N/A       100%        4
 Silence                  Hex/Air        0%         N/A       100%        5
 Sculpt Simulacrum        Ice/Alch       0%         N/A       100%        6


Dungeon Overview and Level Annotations

Branches:
Dungeon (1/1)

Altars:
Ashenzari
Cheibriados
Dithmenos
Elyvilon
Fedhas
Gozag
Hepliaklqana
Kikubaaqudgha
Makhleb
Nemelex Xobeh
Okawaru
Qazlal
Ru
Sif Muna
Trog
Uskayaw
Vehumet
Wu Jian
Xom
Yredelemnul
Zin
The Shining One
Jiyva
Lugonu

Annotations:
D 1 transporter


Innate Abilities, Weirdness & Mutations

You are amphibious.
You cover ground slowly.
You cannot study or use magical devices.
You can hop short distances.
You have an extended range of vision and can be seen from far away.


Message History

Found four items.
Found a transporter.
Unknown command.
Fire: D) +27 heavy crossbow "Sniper" {heavy, Acc+∞ SInv}
Press: ? - help, Q - select action, (/) - cycle Shift-Dir - straight line, f - two-headed ogre
Aim: a two-headed ogre, wielding two +0 giant clubs (100% to hit)
You shoot a bolt. The bolt hits the two-headed ogre!!!
The two-headed ogre is almost dead.
The ogre barely misses you.
Ru believes you are ready to make a new sacrifice.
Fire: D) +27 heavy crossbow "Sniper" {heavy, Acc+∞ SInv}
Press: ? - help, Q - select action, (/) - cycle Shift-Dir - straight line, f/p - two-headed ogre
Aim: a two-headed ogre, wielding two +0 giant clubs (almost dead, 100% to hit)
You shoot a bolt. The bolt hits the two-headed ogre!!
You kill the two-headed ogre!
The ogre hits you but does no damage. The ogre hits you with a +0 giant club!
The ogre hits you with a +0 giant club. The ogre hits you with a +0 giant club!
The ogre hits you with a +0 giant club. The ogre barely misses you.
The ogre hits you but does no damage. The ogre hits you with a +0 giant club!
* * * LOW HITPOINT WARNING * * *
The ogre hits you with a +0 giant club.
* * * LOW HITPOINT WARNING * * *
Your Fighting skill gained 5 levels and is now at level 11!
Your Maces & Flails skill gained 7 levels and is now at level 14!
You have reached level 5!
You have reached level 6!
You have reached level 7!
Ru asks you to sacrifice all use of magical tools.
This is an incredible sacrifice.
Piety after sacrifice: **....
Okay, then.
Okay, then.
Unknown command.
Ru asks you to sacrifice all use of magical tools.
This is an incredible sacrifice.
Piety after sacrifice: **....
You can no longer study or use magical devices.
You now exude an aura of power that intimidates your foes.
Your aura of power can now strike those that harm you.
The ogre hits you with a +0 giant club!
* * * LOW HITPOINT WARNING * * *
The ogre hits you with a +0 giant club!
You die...

▓▓▓▓▓▓▓▓▓▓▓▓▓▓▓▓▓▓▓
▓.8©8.▓.8©8.▓.8©8.▓
▓."|).▓.[.|.▓.....▓
▓..[..▓.....▓.....▓
▓.....▓.....▓.....▓
▓.....▓.....▓..†..▓
▓.OOO.▓.....▓..©..▓
▓..@..▓..©..▓▓▓▓▓▓▓
▓▓▓▓▓▓▓▓▓▓▓▓▓


You could see 3 ogres.

Vanquished Creatures
  A two-headed ogre (D)
  A necrophage (D)
  2 shadow imps (D)
  An ufetubus (D)
  A bat zombie (D)
6 creatures vanquished.

Notes
Turn   | Place    | Note
-------+----------+-------------------------------------------
     0 | D        | Found the +6 Majin-Bo {spellvamp, MP+6 Int+6}
     0 | D        | Found the +27 heavy crossbow "Sniper" {heavy, Acc+∞ SInv}
     0 | D        | Found the +10 dark maul {heavy}
     0 | D        | Found the +15 Maxwell's patent armour {-Cast -Tele rElec
                  | Will+ rCorr}
     0 | D        | Found the +18 shield of the Gong {Loud rN+ Will+ rCorr
                  | EV-5}
     0 | D        | Found the +16 obsidian axe {drain, demonic, Mesm ^Drain Fly
                  | SInv}
     0 | D        | Found the +7 great mace "Firestarter" {flame, immolate,
                  | rFlCloud rF++}
     0 | D        | Found the +6 shillelagh "Devastator" {shatter}
     0 | D        | Found the +11 plutonium sword {^Contam Stlth-}
     0 | D        | Found the +8 lance "Wyrmbane" {slay drac, rPois rF+ rC+
                  | AC+3}
     0 | D        | Found the +9 sword of Zonguldrok {reap}
     0 | D        | Found the +13 scythe of Curses {drain, curses, ^Drain}
     0 | D        | Found the +9 sword of Power {lifebolt}
     0 | D        | Found the +7 mace of Variability {chaos, chaos arc}
     0 | D        | Found the +11 Singing Sword {sonic wave}
     0 | D        | Found the +8 storm bow {elec, penet}
     0 | D        | petercordia the Barachi Warper began the quest for the Orb.
     0 | D        | Reached XP level 1. HP: 17/17 MP: 3/3
     0 | D        | Found a transporter.
     0 | D        | Found an ancient bone altar of Kikubaaqudgha.
     0 | D        | Found a viscous altar of Jiyva.
     0 | D        | Found a corrupted altar of Lugonu.
     0 | D        | Found a hazy altar of Hepliaklqana.
     0 | D        | Found a burning altar of Makhleb.
     0 | D        | Found an opulent altar of Gozag.
    51 | D        | Became a worshipper of Ru the Awakened
    77 | D        | Entered arena 2.
    77 | D        | Noticed a necrophage
    77 | D        | Found a transporter.
    80 | D        | Killed a necrophage
    81 | D        | Reached skill level 5 in Fighting
    81 | D        | Reached skill level 7 in Maces & Flails
    81 | D        | Reached XP level 2. HP: 19/28 MP: 5/5
    81 | D        | Reached XP level 3. HP: 23/34 MP: 6/6
    81 | D        | Reached XP level 4. HP: 27/40 MP: 7/7
    85 | D        | Got the Directory of the Petrified Glacier
    88 | D        | Got the +0 leather armour of Caustic Amelioration {Regen+
                  | Str+4 Dex-5}
   128 | D        | Entered arena 3.
   128 | D        | Found a transporter.
   137 | D        | Got Sif Muna's Tractate on the Differential Evil Eye
   143 | D        | Entered arena 4.
   143 | D        | Noticed an ogre
   143 | D        | Noticed a two-headed ogre
   143 | D        | Noticed an ogre
   143 | D        | Noticed an ogre
   143 | D        | Found a transporter.
   145 | D        | Killed a two-headed ogre
   146 | D        | Reached skill level 14 in Maces & Flails
   146 | D        | Reached XP level 5. HP: 11/56 MP: 8/8
   146 | D        | Reached XP level 6. HP: 12/62 MP: 9/9
   146 | D        | Reached XP level 7. HP: 13/68 MP: 10/10
   146 | D        | Gained mutation: You cannot study or use magical devices.
                  | [Ru sacrifice]
   146 | D        | Reached * piety under Ru
   146 | D        | Reached ** piety under Ru
   146 | D        | Slain by an ogre

Illustrated notes

Levels and vault maps discovered:
D:        sprint_v [room_start, room_1, room_2, room_3, room_4, room_5, room_6,
          room_7, room_8, room_9, room_10, room_11, room_12, room_13, room_14,
          room_15, room_16, room_17, room_18, room_19, room_20, room_21,
          room_22, room_23, room_24, room_25, room_26, room_27]

Skill      XL: |  1  2  3  4 |
---------------+-------------+-----
Fighting       | 5 11 | 11.3
Maces & Flails | 7 14 | 14.1
Throwing       | |  1.0
Armour         | |  1.2
Dodging        | |  2.1
Spellcasting   | |  2.1
Translocations | |  3.2

Action                     |  1- 3 |  4- 6 |  7- 9 || total
---------------------------+-------+-------+-------++-------
   Fire: Heavy crossbow    |     3 |     5 |       ||     8
 Invoke: Sacrifice Artific |       |       |     1 ||     1
 Armour: Plate armour      |     8 |    15 |     2 ||    25
  Dodge: Dodged            |     1 |     3 |       ||     4
